Carnivores vs Staline
Created - June 3, 2017 at 19:03
Goals
|
| Carnivores |
1 |
2 |
3 |
1 |
7 |
| Staline |
3 |
0 |
3 |
0 |
6 |
|
Shots
|
| Carnivores |
12 |
17 |
7 |
1 |
37 |
| Staline |
8 |
11 |
10 |
3 |
32 |
|
1st period
1. Staline , James Sheppard 1 (Peter Holland 1) at 0:37
2. Carnivores , Blake Geoffrion 9 (Anton Gustafsson 8) at 10:36
3. Staline , Steven Goertzen 4 (Stu Bickel 3, Matt Pettinger 6) at 13:04 (PP)
4. Staline , Philip Larsen 1 (Jordan Caron 3, Corey Trivino 2) at 17:17 (PP)
Penalties :
David Schlemko (Bre) for Cross-checking (Minor) at 12:42, Steven Goertzen (StJ) for Slashing (Minor) at 13:26, Chris Lawrence (Bre) for Slashing (Minor) at 16:41, Mat Clark (Bre) for Hooking (Minor) at 18:14
2nd period
5. Carnivores , Blake Geoffrion 10 (Anton Gustafsson 9) at 13:49 (PP)
6. Carnivores , Anton Gustafsson 2 (Blake Geoffrion 3) at 15:54 (PP)
Penalties :
Matt Pettinger (StJ) for Hooking (Minor) at 10:35, Brandon Burlon (StJ) for Roughing (Minor) at 13:08, David Kolomatis (StJ) for Roughing (Minor) at 15:53, Zack Smith (Bre) for Hooking (Minor) at 18:41
3rd period
7. Staline , Keith Yandle 2 (Steven Goertzen 5) at 0:12 (PP)
8. Staline , Nick Spaling 5 (Jordan Caron 4, Keith Yandle 5) at 1:54
9. Carnivores , Lane MacDermid 3 (Steve Begin 1) at 3:25
10. Staline , Cody Eakin 2 (Keith Yandle 6) at 3:33
11. Carnivores , Anton Gustafsson 3 (Blake Geoffrion 4, Nate Schmidt 3) at 15:23 (PP)
12. Carnivores , Blake Geoffrion 11 (Brendan Gallagher 5, Anton Gustafsson 10) at 19:18
Penalties :
Brandon Burlon (StJ) for Holding (Minor) at 5:53, Chris Lawrence (Bre) for Boarding (Minor) at 10:42, Mike Reilly (StJ) for Hooking (Minor) at 14:28, Stu Bickel (StJ) for Slashing (Minor) at 15:28
Overtime #1
13. Carnivores , Lane MacDermid 4 (Mark McNeill 1) at 7:41
Penalties :
Steven Goertzen (StJ) for Hooking (Minor) at 2:47
Goalie Stats
Antti Raanta (Bre), 5 saves from 5 shots - (1.000), W, 3-0-0, 24:00 minutes
Erik Ersberg (Bre), 21 saves from 27 shots - (0.778), 43:33 minutes
Allen York (StJ), 30 saves from 37 shots - (0.811), OTL, 2-1-2, 67:41 minutes
Players Stats for Carnivores
Player Name G A P +/- PIM S H SB GA TA FO MP PP MP PK MP
------------------------------------------------------------------------------------
Anton Gustafsson 2 3 5 0 0 6 2 2 0 1 16/34 24:53 6:27 1:29
Blake Geoffrion 3 2 5 0 0 10 0 0 0 0 0/0 23:49 6:33 0:18
Bobby Sanguinetti 0 0 0 0 0 4 2 1 1 0 0/0 30:29 7:11 4:09
Brendan Gallagher 0 1 1 0 0 1 2 2 0 0 0/1 27:28 6:14 4:07
Chris Lawrence 0 0 0 -1 4 1 0 0 1 0 0/0 14:24 0:18 0:39
Colton Orr 0 0 0 0 0 0 1 1 0 0 0/0 5:08 4:45 0:00
David Schlemko 0 0 0 0 2 1 0 3 0 0 0/0 9:51 0:00 0:00
Frederic St-Denis 0 0 0 0 0 0 0 0 0 1 0/0 4:58 0:00 0:00
Jeremy Welsh 0 0 0 0 0 0 1 0 0 0 1/1 11:37 0:00 0:00
Jeremy Williams 0 0 0 0 0 3 1 0 3 0 0/0 11:37 0:00 0:00
Josh Manson 0 0 0 0 0 0 2 1 0 0 0/0 13:05 0:00 2:18
Lane MacDermid 2 0 2 2 0 3 2 0 0 0 0/1 9:06 0:02 1:23
Mark McNeill 0 1 1 2 0 0 2 1 1 0 1/1 8:56 0:40 0:00
Markus Granlund 0 0 0 2 0 0 1 0 0 0 0/1 7:58 0:07 0:30
Mat Clark 0 0 0 1 2 0 2 1 0 0 0/0 19:25 4:21 0:00
Mattias Backman 0 0 0 0 0 0 0 0 0 0 0/0 4:58 0:00 0:00
Nate Schmidt 0 1 1 0 0 5 2 1 1 0 0/0 30:29 7:11 4:09
Sasha Pokulok 0 0 0 1 0 2 0 2 0 0 0/0 22:22 4:21 2:18
Steve Begin 0 1 1 -1 0 1 0 0 1 2 5/11 22:16 4:45 4:28
Vernon Fiddler 0 0 0 0 0 0 0 0 0 1 3/7 11:37 0:00 0:00
Zack Smith 0 0 0 -1 2 0 0 1 0 1 8/17 17:27 4:45 0:00
Players Stats for Staline
Player Name G A P +/- PIM S H SB GA TA FO MP PP MP PK MP
------------------------------------------------------------------------------------
Aaron Ness 0 0 0 -2 0 0 0 0 0 0 0/0 9:40 0:00 0:00
Andrey Pedan 0 0 0 0 0 0 0 0 0 0 0/0 5:53 0:00 0:00
Barclay Goodrow 0 0 0 -1 0 0 4 0 0 0 0/1 14:43 0:00 0:00
Brandon Burlon 0 0 0 1 4 0 1 4 1 0 0/0 20:35 1:41 3:40
Brandon Mashinter 0 0 0 0 0 0 0 0 0 0 0/0 0:00 0:00 0:00
Bryan Bickell 0 0 0 0 0 0 1 0 0 0 1/1 8:53 0:00 3:49
Cody Eakin 1 0 1 0 0 1 1 0 0 1 17/30 23:35 4:08 4:01
Corey Trivino 0 1 1 0 0 2 1 0 0 0 6/10 16:43 2:19 0:00
Danny Kristo 0 0 0 0 0 0 0 0 0 0 0/0 0:00 0:00 0:00
David Kolomatis 0 0 0 -2 2 0 0 0 0 1 0/0 11:19 0:00 0:41
David Musil 0 0 0 0 0 0 0 0 0 0 0/0 1:36 0:00 1:36
Dustin Kohn 0 0 0 0 0 0 0 0 0 0 0/0 0:12 0:00 0:12
James Sheppard 1 0 1 0 0 1 0 1 0 2 0/0 15:21 0:00 0:10
Jiri Sekac 0 0 0 -1 0 0 0 0 0 0 0/0 4:43 0:11 2:46
Jordan Caron 0 2 2 0 0 1 1 1 2 1 1/3 16:43 2:19 0:00
Keith Yandle 1 2 3 0 0 7 4 0 1 0 0/0 30:10 4:46 6:56
Mark Mitera 0 0 0 0 0 0 0 0 0 0 0/0 0:00 0:00 0:00
Matt Pettinger 0 1 1 0 2 6 1 0 2 1 4/15 28:12 4:08 5:19
Mike Reilly 0 0 0 0 2 0 0 1 0 0 0/0 5:52 0:00 0:00
Nick Spaling 1 0 1 0 0 2 1 3 0 0 1/1 18:19 2:19 1:44
Nikita Nesterov 0 0 0 0 0 0 0 0 0 0 0/0 0:00 0:00 0:00
Peter Holland 0 1 1 -1 0 2 1 0 0 0 6/6 16:13 0:00 1:01
Philip Larsen 1 0 1 1 0 3 0 8 0 2 0/0 21:46 1:41 4:24
Steven Goertzen 1 1 2 0 4 6 3 1 0 0 4/7 27:36 3:57 4:14
Stu Bickel 0 1 1 0 2 1 4 0 0 0 0/0 28:41 4:46 5:35
3 Stars
1 - Blake Geoffrion (Bre)
2 - Anton Gustafsson (Bre)
3 - Lane MacDermid (Bre)
Power Play
Carnivores - 3 on 8 Attempt(s) - 37.50%
Staline - 3 on 5 Attempt(s) - 60.00%
Penalty Kill
Carnivores - 2 on 5 Attempt(s) - 40.00%
- Score 0 goal in Penalty Kill
Staline - 5 on 8 Attempt(s) - 62.50%
- Score 0 goal in Penalty Kill
Team Stat
Carnivores - Hits : 20 - Faceoff Wins : 34 - Blocked Shots : 16 - Penalty Minutes : 10
Staline - Hits : 23 - Faceoff Wins : 40 - Blocked Shots : 19 - Penalty Minutes : 16
Official
Referees : L'Ecuyer Frederick and McCreary Bill
Linesman : Michel Cormier and Darren Gibbs
Game Notes
Antti Raanta enters game at 3:33 of 3rd period
Blake Geoffrion has scored a Hat Trick!
Finance
Level 1 -- Attendance: 1678 (83.90%) -- Ticket Income $58,730
Level 2 -- Attendance: 869 (86.90%) -- Ticket Income $13,035
Total Attendance: 2547 (84.90%)
Total Ticket Income: $71,765
Other Income: $3,588
Total Income: $75,353
Carnivores
5 vs 5 Forward
Center Left Wing Right Wing Time % Phy DF OF
1 Anton Gustafsson Blake Geoffrion Brendan Gallagher 40 1 2 2
2 Zack Smith Steve Begin Chris Lawrence 30 1 2 2
3 Vernon Fiddler Jeremy Welsh Jeremy Williams 20 1 2 2
4 Markus Granlund Lane MacDermid Mark McNeill 10 1 2 2
5 vs 5 Defense
Defense Defense Time % Phy DF OF
1 Bobby Sanguinetti Nate Schmidt 40 1 2 2
2 Mat Clark Sasha Pokulok 30 1 2 2
3 David Schlemko Josh Manson 20 1 2 2
4 Mattias Backman Frederic St-Denis 10 1 2 2
PowerPlay Forward
Center Left Wing Right Wing Time % Phy DF OF
1 Anton Gustafsson Blake Geoffrion Brendan Gallagher 60 1 2 2
2 Zack Smith Steve Begin Colton Orr 40 1 2 2
PowerPlay Defense
Defense Defense Time % Phy DF OF
1 Bobby Sanguinetti Nate Schmidt 60 1 2 2
2 Mat Clark Sasha Pokulok 40 1 2 2
Penalty Kill 4 Players Forward
Center Wing Time % Phy DF OF
1 Steve Begin Brendan Gallagher 60 1 2 2
2 Anton Gustafsson Chris Lawrence 40 1 2 2
Penalty Kill 4 Players Defense
Defense Defense Time % Phy DF OF
1 Bobby Sanguinetti Nate Schmidt 60 1 2 2
2 Josh Manson Sasha Pokulok 40 1 2 2
Penalty Kill - 3 Players Forward
Forward Time % Phy DF OF
1 Steve Begin 60 1 2 2
2 Chris Lawrence 40 1 2 2
Penalty Kill - 3 Players Defense
Defense Defense Time % Phy DF OF
1 Bobby Sanguinetti Nate Schmidt 60 1 2 2
2 Josh Manson Sasha Pokulok 40 1 2 2
4 vs 4 Forward
Center Wing Time % Phy DF OF
1 Steve Begin Brendan Gallagher 60 1 2 2
2 Anton Gustafsson Chris Lawrence 40 1 2 2
4 vs 4 Defense
Defense Defense Time % Phy DF OF
1 Bobby Sanguinetti Nate Schmidt 60 1 2 2
2 Mat Clark Sasha Pokulok 40 1 2 2
Last Minutes Offensive
Center Left Wing Right Wing Defense Defense
Anton Gustafsson Blake Geoffrion Brendan Gallagher Bobby Sanguinetti Nate Schmidt
Last Minutes Defensive
Center Left Wing Right Wing Defense Defense
Anton Gustafsson Steve Begin Chris Lawrence Sasha Pokulok Nate Schmidt
Goaltenders
Starting : Erik Ersberg
Backup : Antti Raanta
Extra Forwards
Normal : Mark McNeill, Steve Begin, Lane MacDermid - PP : Colton Orr, Mark McNeill - PK : Steve Begin
Extra Defensemen
Normal : Nate Schmidt, David Schlemko, Josh Manson - PP : Nate Schmidt - PK : David Schlemko, Josh Manson
Penalty Shots
Jeremy Welsh, Brendan Gallagher, Blake Geoffrion, Anton Gustafsson, Markus Granlund
Scratches
Chris Butler (Healthy), Adam Almquist (Healthy), Kenneth Agostino (Healthy), Stanislav Galiev (Healthy), Mark MacMillan (Healthy)
Tyler Graovac (Healthy), Patrick McNeill (Healthy), Michael Schumacher (Healthy), Zach Jones (Healthy), Christopher DiDomenico (Healthy)
Staline
5 vs 5 Forward
Center Left Wing Right Wing Time % Phy DF OF
1 Cody Eakin Matt Pettinger Steven Goertzen 40 1 2 2
2 Corey Trivino Nick Spaling Jordan Caron 30 1 2 2
3 Peter Holland James Sheppard Barclay Goodrow 20 1 2 2
4 Matt Pettinger Bryan Bickell Steven Goertzen 10 1 2 2
5 vs 5 Defense
Defense Defense Time % Phy DF OF
1 Stu Bickel Keith Yandle 40 1 2 2
2 Brandon Burlon Philip Larsen 30 1 2 2
3 David Kolomatis Aaron Ness 20 1 2 2
4 Andrey Pedan Mike Reilly 10 1 2 2
PowerPlay Forward
Center Left Wing Right Wing Time % Phy DF OF
1 Cody Eakin Matt Pettinger Steven Goertzen 60 1 2 2
2 Corey Trivino Nick Spaling Jordan Caron 40 1 2 2
PowerPlay Defense
Defense Defense Time % Phy DF OF
1 Stu Bickel Keith Yandle 60 1 2 2
2 Brandon Burlon Philip Larsen 40 1 2 2
Penalty Kill 4 Players Forward
Center Wing Time % Phy DF OF
1 Matt Pettinger Steven Goertzen 60 1 2 2
2 Nick Spaling Cody Eakin 40 1 2 2
Penalty Kill 4 Players Defense
Defense Defense Time % Phy DF OF
1 Stu Bickel Keith Yandle 60 1 2 2
2 Brandon Burlon Philip Larsen 40 1 2 2
Penalty Kill - 3 Players Forward
Forward Time % Phy DF OF
1 Matt Pettinger 60 1 2 2
2 Steven Goertzen 40 1 2 2
Penalty Kill - 3 Players Defense
Defense Defense Time % Phy DF OF
1 Stu Bickel Keith Yandle 60 1 2 2
2 Brandon Burlon Philip Larsen 40 1 2 2
4 vs 4 Forward
Center Wing Time % Phy DF OF
1 Matt Pettinger Steven Goertzen 60 1 2 2
2 Nick Spaling Cody Eakin 40 1 2 2
4 vs 4 Defense
Defense Defense Time % Phy DF OF
1 Stu Bickel Keith Yandle 60 1 2 2
2 Brandon Burlon Philip Larsen 40 1 2 2
Last Minutes Offensive
Center Left Wing Right Wing Defense Defense
Cody Eakin Matt Pettinger Steven Goertzen Stu Bickel Keith Yandle
Last Minutes Defensive
Center Left Wing Right Wing Defense Defense
Cody Eakin Matt Pettinger Steven Goertzen Stu Bickel Keith Yandle
Goaltenders
Starting : Allen York
Backup : Joni Ortio
Extra Forwards
Normal : Jiri Sekac, James Sheppard, Bryan Bickell - PP : Jiri Sekac, James Sheppard - PK : Bryan Bickell
Extra Defensemen
Normal : Nikita Nesterov, David Musil, David Kolomatis - PP : Nikita Nesterov - PK : David Musil, David Kolomatis
Penalty Shots
Matt Pettinger, Steven Goertzen, Nick Spaling, Cody Eakin, James Sheppard
Scratches
David Desharnais (Torn Left Knee Ligaments Injury)
% Time on Ice - Carnivores
Lines # - Real PCT - Wanted PCT - Time Play
Normal Forward
1 - 36% - 40% - 17:35
2 - 27% - 30% - 13:13
3 - 24% - 20% - 11:37
4 - 14% - 10% - 6:58
Normal Defense
1 - 38% - 40% - 18:50
2 - 32% - 30% - 15:43
3 - 20% - 20% - 9:52
4 - 10% - 10% - 4:58
PP Forward
1 - 59% - 60% - 6:47
2 - 41% - 40% - 4:45
PP Defense
1 - 62% - 60% - 7:11
2 - 38% - 40% - 4:21
PK Forward
1 - 77% - 60% - 4:58
2 - 23% - 40% - 1:29
PK Defense
1 - 64% - 60% - 4:09
2 - 36% - 40% - 2:18
PK3 Forward
1 - 0% - 60%
2 - 0% - 40%
PK3 Defense
1 - 0% - 60%
2 - 0% - 40%
44 Forward
1 - 0% - 60%
2 - 0% - 40%
44 Defense
1 - 0% - 60%
2 - 0% - 40%
Last Minute Offensive - 0:19
Last Minute Defensive - 0:00
Total
Forward - 67:41
Defense - 67:41
|
% Time on Ice - Staline
Lines # - Real PCT - Wanted PCT - Time Play
Normal Forward
1 - 32% - 40% - 15:49
2 - 29% - 30% - 14:24
3 - 30% - 20% - 14:43
4 - 9% - 10% - 4:13
Normal Defense
1 - 37% - 40% - 18:09
2 - 31% - 30% - 15:27
3 - 20% - 20% - 9:40
4 - 12% - 10% - 5:53
PP Forward
1 - 64% - 60% - 4:08
2 - 36% - 40% - 2:19
PP Defense
1 - 74% - 60% - 4:46
2 - 26% - 40% - 1:41
PK Forward
1 - 85% - 60% - 9:48
2 - 15% - 40% - 1:44
PK Defense
1 - 62% - 60% - 7:08
2 - 38% - 40% - 4:24
PK3 Forward
1 - 0% - 60%
2 - 0% - 40%
PK3 Defense
1 - 0% - 60%
2 - 0% - 40%
44 Forward
1 - 0% - 60%
2 - 0% - 40%
44 Defense
1 - 0% - 60%
2 - 0% - 40%
Last Minute Offensive - 0:00
Last Minute Defensive - 0:33
Total
Forward - 67:41
Defense - 67:41
|
Play by Play
1st period
0:01 of 1st period - Anton Gustafsson wins face-off versus Cody Eakin in neutral zone.
0:35 of 1st period - Icing by Bobby Sanguinetti.
0:36 of 1st period - Peter Holland wins face-off versus Zack Smith in Carnivores zone.
0:37 of 1st period - Slapshot by James Sheppard.
0:37 of 1st period - Goal by James Sheppard - Carnivores : 0 - Staline : 1.
0:38 of 1st period - Peter Holland wins face-off versus Vernon Fiddler in neutral zone.
1:03 of 1st period - James Sheppard is hit by Brendan Gallagher and loses puck.
1:25 of 1st period - Philip Larsen is hit by Josh Manson.
1:27 of 1st period - Wrist shot by Matt Pettinger.
1:27 of 1st period - Shot Misses the Net.
2:05 of 1st period - Matt Pettinger is hit by Jeremy Welsh and loses puck.
3:24 of 1st period - Slapshot by Bobby Sanguinetti.
3:24 of 1st period - Shot Misses the Net.
3:36 of 1st period - Chris Lawrence is hit by Peter Holland and loses puck.
4:27 of 1st period - Snap shot by Jeremy Welsh.
4:27 of 1st period - Shot Blocked by Mike Reilly.
5:01 of 1st period - Backhand shot by Anton Gustafsson.
5:01 of 1st period - Stopped by Allen York with a rebound.
5:12 of 1st period - Icing by Frederic St-Denis.
5:13 of 1st period - Anton Gustafsson wins face-off versus Corey Trivino in Carnivores zone.
5:24 of 1st period - Wrist shot by Chris Lawrence.
5:24 of 1st period - Shot Blocked by Nick Spaling.
5:26 of 1st period - Wrist shot by Steve Begin.
5:26 of 1st period - Stopped by Allen York without a rebound.
5:27 of 1st period - Anton Gustafsson wins face-off versus Barclay Goodrow in Staline zone.
5:28 of 1st period - Slapshot by Blake Geoffrion.
5:28 of 1st period - Stopped by Allen York with a rebound.
5:30 of 1st period - Wrist shot by Brendan Gallagher.
5:30 of 1st period - Shot Misses the Net.
5:32 of 1st period - Slapshot by Nate Schmidt.
5:32 of 1st period - Stopped by Allen York with a rebound.
5:34 of 1st period - Slapshot by Nate Schmidt.
5:34 of 1st period - Stopped by Allen York without a rebound.
5:35 of 1st period - Peter Holland wins face-off versus Anton Gustafsson in Staline zone.
5:46 of 1st period - Backhand shot by Keith Yandle.
5:46 of 1st period - Stopped by Erik Ersberg without a rebound.
5:47 of 1st period - Cody Eakin wins face-off versus Anton Gustafsson in Carnivores zone.
5:50 of 1st period - Slapshot by Steven Goertzen.
5:50 of 1st period - Stopped by Erik Ersberg with a rebound.
5:52 of 1st period - Snap shot by Matt Pettinger.
5:52 of 1st period - Shot Blocked by Sasha Pokulok.
5:54 of 1st period - Snap shot by Matt Pettinger.
5:54 of 1st period - Deflect By Steven Goertzen.
5:54 of 1st period - Stopped by Erik Ersberg with a rebound.
5:56 of 1st period - Snap shot by Steven Goertzen.
5:56 of 1st period - Deflect By Matt Pettinger.
5:56 of 1st period - Shot Blocked by Mat Clark.
5:56 of 1st period - Puck is out of play.
5:57 of 1st period - Cody Eakin wins face-off versus Anton Gustafsson in Carnivores zone.
6:33 of 1st period - Snap shot by Cody Eakin.
6:33 of 1st period - Deflect By Matt Pettinger.
6:33 of 1st period - Stopped by Erik Ersberg without a rebound.
6:34 of 1st period - Corey Trivino wins face-off versus Zack Smith in Carnivores zone.
6:41 of 1st period - Snap shot by Chris Lawrence.
6:41 of 1st period - Shot Misses the Net.
7:22 of 1st period - Nate Schmidt is hit by Cody Eakin and loses puck.
7:35 of 1st period - Slapshot by Corey Trivino.
7:35 of 1st period - Shot Misses the Net.
7:51 of 1st period - Wrist shot by Blake Geoffrion.
7:51 of 1st period - Shot Misses the Net.
8:02 of 1st period - Off-side.
8:03 of 1st period - Peter Holland wins face-off versus Zack Smith in neutral zone.
8:49 of 1st period - Slapshot by Jeremy Williams.
8:49 of 1st period - Stopped by Allen York without a rebound.
8:50 of 1st period - Vernon Fiddler wins face-off versus Cody Eakin in Staline zone.
9:38 of 1st period - David Schlemko is hit by Stu Bickel and loses puck.
10:30 of 1st period - Icing by Brandon Burlon.
10:31 of 1st period - Anton Gustafsson wins face-off versus Matt Pettinger in Staline zone.
10:34 of 1st period - Slapshot by Anton Gustafsson.
10:34 of 1st period - Deflect By Blake Geoffrion.
10:34 of 1st period - Shot Misses the Net.
10:34 of 1st period - Puck is out of play.
10:35 of 1st period - Anton Gustafsson wins face-off versus Jordan Caron in Staline zone.
10:36 of 1st period - Wrist shot by Blake Geoffrion.
10:36 of 1st period - Goal by Blake Geoffrion - Carnivores : 1 - Staline : 1.
10:37 of 1st period - Anton Gustafsson wins face-off versus Steven Goertzen in neutral zone.
11:12 of 1st period - Snap shot by Brendan Gallagher.
11:12 of 1st period - Stopped by Allen York with a rebound.
11:16 of 1st period - Slapshot by Blake Geoffrion.
11:16 of 1st period - Stopped by Allen York with a rebound.
11:18 of 1st period - Slapshot by Anton Gustafsson.
11:18 of 1st period - Stopped by Allen York with a rebound.
11:40 of 1st period - Snap shot by Brendan Gallagher.
11:40 of 1st period - Shot Misses the Net.
11:42 of 1st period - Slapshot by Bobby Sanguinetti.
11:42 of 1st period - Stopped by Allen York with a rebound.
12:02 of 1st period - Slapshot by Anton Gustafsson.
12:02 of 1st period - Shot Misses the Net.
12:06 of 1st period - Snap shot by Anton Gustafsson.
12:06 of 1st period - Stopped by Allen York without a rebound.
12:07 of 1st period - Zack Smith wins face-off versus Cody Eakin in Staline zone.
12:42 of 1st period - Minor Penalty to David Schlemko for Cross-checking.
12:43 of 1st period - Cody Eakin wins face-off versus Lane MacDermid in Carnivores zone.
12:49 of 1st period - Wrist shot by Matt Pettinger.
12:49 of 1st period - Stopped by Erik Ersberg without a rebound.
12:50 of 1st period - Steve Begin wins face-off versus Cody Eakin in Carnivores zone.
13:00 of 1st period - Slapshot by Stu Bickel.
13:00 of 1st period - Shot Misses the Net.
13:04 of 1st period - Slapshot by Steven Goertzen.
13:04 of 1st period - Goal by Steven Goertzen - Carnivores : 1 - Staline : 2.
13:05 of 1st period - Zack Smith wins face-off versus Cody Eakin in neutral zone.
13:20 of 1st period - Slapshot by Chris Lawrence.
13:20 of 1st period - Shot Misses the Net.
13:26 of 1st period - Minor Penalty to Steven Goertzen for Slashing.
13:27 of 1st period - Anton Gustafsson wins face-off versus Matt Pettinger in Staline zone.
15:26 of 1st period - Penalty to Steven Goertzen is over, Steven Goertzen is back on ice.
15:38 of 1st period - Off-side.
15:39 of 1st period - Corey Trivino wins face-off versus Vernon Fiddler in neutral zone.
16:04 of 1st period - Snap shot by James Sheppard.
16:04 of 1st period - Shot Blocked by Mark McNeill.
16:12 of 1st period - Aaron Ness is hit by Lane MacDermid and loses puck.
16:41 of 1st period - Minor Penalty to Chris Lawrence for Slashing.
16:42 of 1st period - Cody Eakin wins face-off versus Steve Begin in Carnivores zone.
16:49 of 1st period - Slapshot by Cody Eakin.
16:49 of 1st period - Shot Misses the Net.
16:51 of 1st period - Slapshot by Matt Pettinger.
16:51 of 1st period - Shot Blocked by Bobby Sanguinetti.
17:15 of 1st period - Wrist shot by Jordan Caron.
17:15 of 1st period - Shot Misses the Net.
17:17 of 1st period - Slapshot by Philip Larsen.
17:17 of 1st period - Goal by Philip Larsen - Carnivores : 1 - Staline : 3.
17:18 of 1st period - Cody Eakin wins face-off versus Zack Smith in neutral zone.
17:34 of 1st period - Wrist shot by Matt Pettinger.
17:34 of 1st period - Shot Misses the Net.
18:14 of 1st period - Minor Penalty to Mat Clark for Hooking.
18:15 of 1st period - Cody Eakin wins face-off versus Steve Begin in Carnivores zone.
18:17 of 1st period - Wrist shot by Cody Eakin.
18:17 of 1st period - Shot Blocked by Brendan Gallagher.
18:19 of 1st period - Slapshot by Keith Yandle.
18:19 of 1st period - Deflect By Cody Eakin.
18:19 of 1st period - Shot Misses the Net.
18:19 of 1st period - Puck is out of play.
18:20 of 1st period - Steve Begin wins face-off versus Cody Eakin in Carnivores zone.
19:19 of 1st period - Sasha Pokulok is hit by Steven Goertzen.
Goals for this period are 1 for Carnivores vs 3 for Staline.
Shots for this period are 12 for Carnivores vs 8 for Staline.
2nd period
0:01 of 2nd period - Steve Begin wins face-off versus Matt Pettinger in neutral zone.
0:14 of 2nd period - Penalty to Mat Clark is over, Mat Clark is back on ice.
0:30 of 2nd period - Wrist shot by Peter Holland.
0:30 of 2nd period - Stopped by Erik Ersberg without a rebound.
0:31 of 2nd period - Peter Holland wins face-off versus Vernon Fiddler in Carnivores zone.
0:32 of 2nd period - Slapshot by James Sheppard.
0:32 of 2nd period - Shot Misses the Net.
0:42 of 2nd period - Wrist shot by Jeremy Williams.
0:42 of 2nd period - Stopped by Allen York with a rebound.
0:44 of 2nd period - Slapshot by Sasha Pokulok.
0:44 of 2nd period - Shot Blocked by Philip Larsen.
0:46 of 2nd period - Wrist shot by Jeremy Williams.
0:46 of 2nd period - Stopped by Allen York with a rebound.
0:53 of 2nd period - Icing by Philip Larsen.
0:54 of 2nd period - Steven Goertzen wins face-off versus Markus Granlund in Staline zone.
1:03 of 2nd period - Bobby Sanguinetti is hit by Steven Goertzen and loses puck.
2:09 of 2nd period - Slapshot by Jeremy Williams.
2:09 of 2nd period - Shot Misses the Net.
2:21 of 2nd period - Slapshot by Jordan Caron.
2:21 of 2nd period - Deflect By Corey Trivino.
2:21 of 2nd period - Stopped by Erik Ersberg with a rebound.
2:43 of 2nd period - Snap shot by Steven Goertzen.
2:43 of 2nd period - Stopped by Erik Ersberg without a rebound.
2:44 of 2nd period - Zack Smith wins face-off versus Matt Pettinger in Carnivores zone.
3:02 of 2nd period - Icing by Nick Spaling.
3:03 of 2nd period - Corey Trivino wins face-off versus Anton Gustafsson in Staline zone.
3:03 of 2nd period - Corey Trivino is hit by Bobby Sanguinetti.
3:17 of 2nd period - Anton Gustafsson is hit by Nick Spaling and loses puck.
3:38 of 2nd period - Snap shot by Chris Lawrence.
3:38 of 2nd period - Shot Misses the Net.
3:40 of 2nd period - Slapshot by Nate Schmidt.
3:40 of 2nd period - Stopped by Allen York with a rebound.
4:14 of 2nd period - Barclay Goodrow is hit by Anton Gustafsson.
4:24 of 2nd period - Snap shot by Peter Holland.
4:24 of 2nd period - Shot Blocked by David Schlemko.
4:26 of 2nd period - Snap shot by James Sheppard.
4:26 of 2nd period - Shot Blocked by Anton Gustafsson.
4:28 of 2nd period - Snap shot by Peter Holland.
4:28 of 2nd period - Shot Blocked by David Schlemko.
4:30 of 2nd period - Wrist shot by Keith Yandle.
4:30 of 2nd period - Stopped by Erik Ersberg with a rebound.
4:32 of 2nd period - Slapshot by Stu Bickel.
4:32 of 2nd period - Shot Hit the Post.
4:34 of 2nd period - Snap shot by Stu Bickel.
4:34 of 2nd period - Stopped by Erik Ersberg with a rebound.
4:36 of 2nd period - Slapshot by Peter Holland.
4:36 of 2nd period - Stopped by Erik Ersberg with a rebound.
4:38 of 2nd period - Slapshot by Keith Yandle.
4:38 of 2nd period - Shot Blocked by David Schlemko.
4:40 of 2nd period - Slapshot by Keith Yandle.
4:40 of 2nd period - Shot Blocked by Anton Gustafsson.
4:46 of 2nd period - Snap shot by Keith Yandle.
4:46 of 2nd period - Shot Hit the Post.
4:48 of 2nd period - Slapshot by Keith Yandle.
4:48 of 2nd period - Stopped by Erik Ersberg without a rebound.
4:49 of 2nd period - Zack Smith wins face-off versus Cody Eakin in Carnivores zone.
5:00 of 2nd period - Snap shot by Chris Lawrence.
5:00 of 2nd period - Stopped by Allen York with a rebound.
5:28 of 2nd period - Nate Schmidt is hit by Brandon Burlon and loses puck.
5:43 of 2nd period - Wrist shot by Lane MacDermid.
5:43 of 2nd period - Stopped by Allen York without a rebound.
5:44 of 2nd period - Mark McNeill wins face-off versus Cody Eakin in Staline zone.
5:51 of 2nd period - Slapshot by Steven Goertzen.
5:51 of 2nd period - Stopped by Erik Ersberg with a rebound.
5:53 of 2nd period - Slapshot by Matt Pettinger.
5:53 of 2nd period - Shot Misses the Net.
6:07 of 2nd period - Wrist shot by Mat Clark.
6:07 of 2nd period - Shot Blocked by Jordan Caron.
7:26 of 2nd period - Icing by Cody Eakin.
7:27 of 2nd period - Corey Trivino wins face-off versus Anton Gustafsson in Staline zone.
8:23 of 2nd period - Snap shot by Jeremy Williams.
8:23 of 2nd period - Shot Misses the Net.
8:46 of 2nd period - Slapshot by Bobby Sanguinetti.
8:46 of 2nd period - Stopped by Allen York with a rebound.
9:00 of 2nd period - Slapshot by Nate Schmidt.
9:00 of 2nd period - Stopped by Allen York with a rebound.
9:02 of 2nd period - Wrist shot by Nate Schmidt.
9:02 of 2nd period - Stopped by Allen York without a rebound.
9:03 of 2nd period - Peter Holland wins face-off versus Anton Gustafsson in Staline zone.
9:20 of 2nd period - Blake Geoffrion is hit by Stu Bickel and loses puck.
9:27 of 2nd period - Brendan Gallagher is hit by Barclay Goodrow.
9:37 of 2nd period - Snap shot by Brendan Gallagher.
9:37 of 2nd period - Shot Misses the Net.
9:39 of 2nd period - Snap shot by Brendan Gallagher.
9:39 of 2nd period - Shot Blocked by Philip Larsen.
9:41 of 2nd period - Snap shot by Blake Geoffrion.
9:41 of 2nd period - Shot Misses the Net.
9:43 of 2nd period - Wrist shot by Anton Gustafsson.
9:43 of 2nd period - Shot Blocked by Philip Larsen.
9:45 of 2nd period - Slapshot by Anton Gustafsson.
9:45 of 2nd period - Shot Blocked by Philip Larsen.
9:47 of 2nd period - Snap shot by Blake Geoffrion.
9:47 of 2nd period - Stopped by Allen York with a rebound.
9:49 of 2nd period - Snap shot by Blake Geoffrion.
9:49 of 2nd period - Stopped by Allen York with a rebound.
10:01 of 2nd period - Slapshot by Brendan Gallagher.
10:01 of 2nd period - Shot Misses the Net.
10:03 of 2nd period - Snap shot by Blake Geoffrion.
10:03 of 2nd period - Shot Blocked by Philip Larsen.
10:05 of 2nd period - Wrist shot by Brendan Gallagher.
10:05 of 2nd period - Shot Misses the Net.
10:07 of 2nd period - Snap shot by Blake Geoffrion.
10:07 of 2nd period - Shot Blocked by James Sheppard.
10:09 of 2nd period - Snap shot by Brendan Gallagher.
10:09 of 2nd period - Shot Blocked by Brandon Burlon.
10:11 of 2nd period - Slapshot by David Schlemko.
10:11 of 2nd period - Shot Blocked by Brandon Burlon.
10:13 of 2nd period - Slapshot by Blake Geoffrion.
10:13 of 2nd period - Stopped by Allen York without a rebound.
10:14 of 2nd period - Zack Smith wins face-off versus Steven Goertzen in Staline zone.
10:29 of 2nd period - Snap shot by Steve Begin.
10:29 of 2nd period - Shot Misses the Net.
10:35 of 2nd period - Minor Penalty to Matt Pettinger for Hooking.
10:36 of 2nd period - Bryan Bickell wins face-off versus Zack Smith in Staline zone.
10:51 of 2nd period - Wrist shot by Steven Goertzen.
10:51 of 2nd period - Stopped by Erik Ersberg with a rebound.
12:35 of 2nd period - Penalty to Matt Pettinger is over, Matt Pettinger is back on ice.
13:08 of 2nd period - Minor Penalty to Brandon Burlon for Roughing.
13:09 of 2nd period - Anton Gustafsson wins face-off versus Matt Pettinger in Staline zone.
13:49 of 2nd period - Wrist shot by Blake Geoffrion.
13:49 of 2nd period - Goal by Blake Geoffrion - Carnivores : 2 - Staline : 3.
13:50 of 2nd period - Zack Smith wins face-off versus Matt Pettinger in neutral zone.
14:06 of 2nd period - Slapshot by Stu Bickel.
14:06 of 2nd period - Shot Misses the Net.
14:18 of 2nd period - Slapshot by Lane MacDermid.
14:18 of 2nd period - Shot Misses the Net.
14:43 of 2nd period - Snap shot by Peter Holland.
14:43 of 2nd period - Shot Blocked by Brendan Gallagher.
14:51 of 2nd period - Slapshot by Peter Holland.
14:51 of 2nd period - Shot Misses the Net.
15:07 of 2nd period - Slapshot by Sasha Pokulok.
15:07 of 2nd period - Stopped by Allen York with a rebound.
15:09 of 2nd period - Snap shot by Mat Clark.
15:09 of 2nd period - Shot Blocked by Philip Larsen.
15:11 of 2nd period - Slapshot by Sasha Pokulok.
15:11 of 2nd period - Deflect By Blake Geoffrion.
15:11 of 2nd period - Stopped by Allen York with a rebound.
15:13 of 2nd period - Wrist shot by Blake Geoffrion.
15:13 of 2nd period - Shot Blocked by Brandon Burlon.
15:15 of 2nd period - Backhand shot by Sasha Pokulok.
15:15 of 2nd period - Deflect By James Sheppard.
15:15 of 2nd period - Stopped by Allen York without a rebound.
15:16 of 2nd period - Cody Eakin wins face-off versus Zack Smith in Staline zone.
15:53 of 2nd period - Minor Penalty to David Kolomatis for Roughing.
15:54 of 2nd period - Anton Gustafsson wins face-off versus Matt Pettinger in Staline zone.
15:54 of 2nd period - Slapshot by Blake Geoffrion.
15:54 of 2nd period - Deflect By Anton Gustafsson.
15:54 of 2nd period - Goal by Anton Gustafsson - Carnivores : 3 - Staline : 3.
15:55 of 2nd period - Cody Eakin wins face-off versus Anton Gustafsson in neutral zone.
16:00 of 2nd period - Snap shot by Matt Pettinger.
16:00 of 2nd period - Shot Misses the Net.
16:22 of 2nd period - Steve Begin is hit by Stu Bickel and loses puck.
17:37 of 2nd period - Off-side.
17:38 of 2nd period - Matt Pettinger wins face-off versus Steve Begin in neutral zone.
17:43 of 2nd period - Snap shot by Steven Goertzen.
17:43 of 2nd period - Shot Misses the Net.
18:03 of 2nd period - Keith Yandle is hit by Josh Manson and loses puck.
18:14 of 2nd period - Wrist shot by Peter Holland.
18:14 of 2nd period - Shot Misses the Net.
18:32 of 2nd period - Slapshot by Vernon Fiddler.
18:32 of 2nd period - Shot Blocked by Nick Spaling.
18:34 of 2nd period - Slapshot by David Schlemko.
18:34 of 2nd period - Stopped by Allen York without a rebound.
18:35 of 2nd period - Zack Smith wins face-off versus Cody Eakin in Staline zone.
18:41 of 2nd period - Minor Penalty to Zack Smith for Hooking.
18:42 of 2nd period - Steve Begin wins face-off versus Cody Eakin in Carnivores zone.
19:07 of 2nd period - Steve Begin is hit by Keith Yandle and loses puck.
19:14 of 2nd period - Wrist shot by Jordan Caron.
19:14 of 2nd period - Stopped by Erik Ersberg without a rebound.
19:15 of 2nd period - Cody Eakin wins face-off versus Steve Begin in Carnivores zone.
19:18 of 2nd period - Snap shot by Steven Goertzen.
19:18 of 2nd period - Deflect By Cody Eakin.
19:18 of 2nd period - Shot Misses the Net.
19:18 of 2nd period - Puck is out of play.
19:19 of 2nd period - Steven Goertzen wins face-off versus Steve Begin in Carnivores zone.
19:29 of 2nd period - Wrist shot by Matt Pettinger.
19:29 of 2nd period - Stopped by Erik Ersberg without a rebound.
19:30 of 2nd period - Cody Eakin wins face-off versus Steve Begin in Carnivores zone.
Goals for this period are 2 for Carnivores vs 0 for Staline.
Shots for this period are 17 for Carnivores vs 11 for Staline.
3rd period
0:01 of 3rd period - Steve Begin wins face-off versus Cody Eakin in neutral zone.
0:10 of 3rd period - Snap shot by Keith Yandle.
0:10 of 3rd period - Stopped by Erik Ersberg with a rebound.
0:12 of 3rd period - Slapshot by Keith Yandle.
0:12 of 3rd period - Deflect By Bobby Sanguinetti.
0:12 of 3rd period - Goal by Keith Yandle - Carnivores : 3 - Staline : 4.
0:13 of 3rd period - Anton Gustafsson wins face-off versus Steven Goertzen in neutral zone.
0:31 of 3rd period - Icing by Brendan Gallagher.
0:32 of 3rd period - Jordan Caron wins face-off versus Anton Gustafsson in Carnivores zone.
0:33 of 3rd period - Snap shot by Nick Spaling.
0:33 of 3rd period - Stopped by Erik Ersberg with a rebound.
0:54 of 3rd period - Off-side.
0:55 of 3rd period - Steven Goertzen wins face-off versus Zack Smith in neutral zone.
1:00 of 3rd period - Backhand shot by Matt Pettinger.
1:00 of 3rd period - Stopped by Erik Ersberg without a rebound.
1:01 of 3rd period - Cody Eakin wins face-off versus Zack Smith in Carnivores zone.
1:12 of 3rd period - Brandon Burlon is hit by Mat Clark and loses puck.
1:19 of 3rd period - Slapshot by Philip Larsen.
1:19 of 3rd period - Stopped by Erik Ersberg without a rebound.
1:20 of 3rd period - Anton Gustafsson wins face-off versus Corey Trivino in Carnivores zone.
1:27 of 3rd period - Wrist shot by Brendan Gallagher.
1:27 of 3rd period - Deflect By Nick Spaling.
1:27 of 3rd period - Shot Misses the Net.
1:27 of 3rd period - Puck is out of play.
1:28 of 3rd period - Nick Spaling wins face-off versus Anton Gustafsson in Staline zone.
1:32 of 3rd period - Icing by Keith Yandle.
1:33 of 3rd period - Anton Gustafsson wins face-off versus Corey Trivino in Staline zone.
1:54 of 3rd period - Snap shot by Nick Spaling.
1:54 of 3rd period - Goal by Nick Spaling - Carnivores : 3 - Staline : 5.
1:55 of 3rd period - Cody Eakin wins face-off versus Anton Gustafsson in neutral zone.
2:08 of 3rd period - Icing by Cody Eakin.
2:09 of 3rd period - Zack Smith wins face-off versus Cody Eakin in Staline zone.
2:28 of 3rd period - Snap shot by Matt Pettinger.
2:28 of 3rd period - Stopped by Erik Ersberg with a rebound.
2:30 of 3rd period - Slapshot by Keith Yandle.
2:30 of 3rd period - Deflect By Steven Goertzen.
2:30 of 3rd period - Shot Misses the Net.
2:30 of 3rd period - Puck is out of play.
2:31 of 3rd period - Corey Trivino wins face-off versus Anton Gustafsson in Carnivores zone.
3:04 of 3rd period - Snap shot by Vernon Fiddler.
3:04 of 3rd period - Shot Misses the Net.
3:25 of 3rd period - Snap shot by Lane MacDermid.
3:25 of 3rd period - Goal by Lane MacDermid - Carnivores : 4 - Staline : 5.
3:26 of 3rd period - Cody Eakin wins face-off versus Anton Gustafsson in neutral zone.
3:31 of 3rd period - Slapshot by Keith Yandle.
3:31 of 3rd period - Shot Misses the Net.
3:33 of 3rd period - Snap shot by Cody Eakin.
3:33 of 3rd period - Goal by Cody Eakin - Carnivores : 4 - Staline : 6.
3:33 of 3rd period - Antti Raanta enters game.
3:34 of 3rd period - Anton Gustafsson wins face-off versus Cody Eakin in neutral zone.
3:37 of 3rd period - Cody Eakin is hit by Nate Schmidt and loses puck.
3:48 of 3rd period - Anton Gustafsson is hit by Matt Pettinger and loses puck.
4:01 of 3rd period - Chris Lawrence is hit by Stu Bickel and loses puck.
4:21 of 3rd period - Icing by Stu Bickel.
4:22 of 3rd period - Vernon Fiddler wins face-off versus Corey Trivino in Staline zone.
4:25 of 3rd period - Slapshot by Vernon Fiddler.
4:25 of 3rd period - Shot Blocked by Nick Spaling.
4:31 of 3rd period - Jeremy Williams is hit by Jordan Caron and loses puck.
4:48 of 3rd period - Snap shot by Matt Pettinger.
4:48 of 3rd period - Stopped by Antti Raanta without a rebound.
4:49 of 3rd period - Cody Eakin wins face-off versus Anton Gustafsson in Carnivores zone.
5:22 of 3rd period - Slapshot by Nick Spaling.
5:22 of 3rd period - Shot Blocked by Sasha Pokulok.
5:24 of 3rd period - Snap shot by Jordan Caron.
5:24 of 3rd period - Shot Blocked by Zack Smith.
5:44 of 3rd period - Jeremy Welsh is hit by Barclay Goodrow and loses puck.
5:53 of 3rd period - Minor Penalty to Brandon Burlon for Holding.
5:54 of 3rd period - Matt Pettinger wins face-off versus Anton Gustafsson in Staline zone.
6:10 of 3rd period - Slapshot by Bobby Sanguinetti.
6:10 of 3rd period - Stopped by Allen York with a rebound.
6:20 of 3rd period - Nick Spaling is hit by Bobby Sanguinetti and loses puck.
6:41 of 3rd period - Brendan Gallagher is hit by Keith Yandle and loses puck.
7:53 of 3rd period - Penalty to Brandon Burlon is over, Brandon Burlon is back on ice.
8:24 of 3rd period - David Schlemko is hit by Barclay Goodrow and loses puck.
10:42 of 3rd period - Minor Penalty to Chris Lawrence for Boarding.
10:43 of 3rd period - Cody Eakin wins face-off versus Brendan Gallagher in Carnivores zone.
11:08 of 3rd period - Stu Bickel is hit by Lane MacDermid and loses puck.
11:17 of 3rd period - Slapshot by Nick Spaling.
11:17 of 3rd period - Shot Misses the Net.
12:20 of 3rd period - Blake Geoffrion is hit by Keith Yandle and loses puck.
12:42 of 3rd period - Penalty to Chris Lawrence is over, Chris Lawrence is back on ice.
13:51 of 3rd period - Jordan Caron is hit by Nate Schmidt and loses puck.
14:00 of 3rd period - Slapshot by Anton Gustafsson.
14:00 of 3rd period - Stopped by Allen York with a rebound.
14:28 of 3rd period - Minor Penalty to Mike Reilly for Hooking.
14:29 of 3rd period - Steven Goertzen wins face-off versus Anton Gustafsson in Staline zone.
14:37 of 3rd period - Off-side.
14:38 of 3rd period - Anton Gustafsson wins face-off versus Matt Pettinger in neutral zone.
14:43 of 3rd period - Slapshot by Brendan Gallagher.
14:43 of 3rd period - Shot Misses the Net.
14:45 of 3rd period - Wrist shot by Blake Geoffrion.
14:45 of 3rd period - Shot Blocked by Brandon Burlon.
14:47 of 3rd period - Wrist shot by Brendan Gallagher.
14:47 of 3rd period - Shot Misses the Net.
14:53 of 3rd period - Snap shot by Blake Geoffrion.
14:53 of 3rd period - Shot Misses the Net.
15:13 of 3rd period - Wrist shot by Blake Geoffrion.
15:13 of 3rd period - Shot Blocked by Philip Larsen.
15:15 of 3rd period - Slapshot by Nate Schmidt.
15:15 of 3rd period - Shot Blocked by Steven Goertzen.
15:17 of 3rd period - Slapshot by Bobby Sanguinetti.
15:17 of 3rd period - Stopped by Allen York with a rebound.
15:19 of 3rd period - Wrist shot by Nate Schmidt.
15:19 of 3rd period - Shot Blocked by Philip Larsen.
15:21 of 3rd period - Snap shot by Blake Geoffrion.
15:21 of 3rd period - Stopped by Allen York with a rebound.
15:23 of 3rd period - Backhand shot by Anton Gustafsson.
15:23 of 3rd period - Goal by Anton Gustafsson - Carnivores : 5 - Staline : 6.
15:24 of 3rd period - Vernon Fiddler wins face-off versus Jordan Caron in neutral zone.
15:28 of 3rd period - Minor Penalty to Stu Bickel for Slashing.
15:29 of 3rd period - Anton Gustafsson wins face-off versus Matt Pettinger in Staline zone.
16:17 of 3rd period - Steven Goertzen is hit by Brendan Gallagher and loses puck.
16:52 of 3rd period - Brendan Gallagher is hit by Bryan Bickell and loses puck.
16:57 of 3rd period - Snap shot by Jiri Sekac.
16:57 of 3rd period - Shot Hit the Post.
17:28 of 3rd period - Penalty to Stu Bickel is over, Stu Bickel is back on ice.
17:34 of 3rd period - Jordan Caron is hit by Mark McNeill and loses puck.
17:59 of 3rd period - Jeremy Welsh is hit by Barclay Goodrow and loses puck.
18:18 of 3rd period - Nick Spaling is hit by Mark McNeill and loses puck.
18:31 of 3rd period - Steven Goertzen is hit by Anton Gustafsson.
18:49 of 3rd period - Slapshot by Brandon Burlon.
18:49 of 3rd period - Shot Blocked by Colton Orr.
18:59 of 3rd period - Wrist shot by Cody Eakin.
18:59 of 3rd period - Deflect By Steven Goertzen.
18:59 of 3rd period - Shot Blocked by Josh Manson.
18:59 of 3rd period - Puck is out of play.
19:00 of 3rd period - Wayne Gretzky call a timeout for Carnivores.
19:00 of 3rd period - Matt Pettinger wins face-off versus Anton Gustafsson in Carnivores zone.
19:10 of 3rd period - Carnivores, Antti Raanta is pulled from the net.
19:18 of 3rd period - Wrist shot by Blake Geoffrion.
19:18 of 3rd period - Goal by Blake Geoffrion - Carnivores : 6 - Staline : 6.
19:18 of 3rd period - Antti Raanta from Carnivores was sent back in the game.
19:19 of 3rd period - Matt Pettinger wins face-off versus Vernon Fiddler in neutral zone.
19:26 of 3rd period - Snap shot by Matt Pettinger.
19:26 of 3rd period - Shot Misses the Net.
19:28 of 3rd period - Backhand shot by Keith Yandle.
19:28 of 3rd period - Stopped by Antti Raanta without a rebound.
19:29 of 3rd period - Jeremy Welsh wins face-off versus Matt Pettinger in Carnivores zone.
19:29 of 3rd period - Jeremy Welsh is hit by Keith Yandle.
19:39 of 3rd period - Wrist shot by Matt Pettinger.
19:39 of 3rd period - Shot Misses the Net.
Goals for this period are 3 for Carnivores vs 3 for Staline.
Shots for this period are 7 for Carnivores vs 10 for Staline.
Overtime #1
0:01 of 1st overtime period - Cody Eakin wins face-off versus Anton Gustafsson in neutral zone.
0:28 of 1st overtime period - Steve Begin is hit by Corey Trivino and loses puck.
0:33 of 1st overtime period - Slapshot by Keith Yandle.
0:33 of 1st overtime period - Shot Blocked by Nate Schmidt.
0:35 of 1st overtime period - Wrist shot by Corey Trivino.
0:35 of 1st overtime period - Stopped by Antti Raanta with a rebound.
0:37 of 1st overtime period - Wrist shot by Stu Bickel.
0:37 of 1st overtime period - Shot Misses the Net.
0:53 of 1st overtime period - Snap shot by Peter Holland.
0:53 of 1st overtime period - Shot Misses the Net.
1:09 of 1st overtime period - Matt Pettinger is hit by Markus Granlund and loses puck.
1:36 of 1st overtime period - Backhand shot by Philip Larsen.
1:36 of 1st overtime period - Deflect By Brendan Gallagher.
1:36 of 1st overtime period - Stopped by Antti Raanta without a rebound.
1:37 of 1st overtime period - Corey Trivino wins face-off versus Anton Gustafsson in Carnivores zone.
1:46 of 1st overtime period - Snap shot by Nick Spaling.
1:46 of 1st overtime period - Shot Misses the Net.
1:48 of 1st overtime period - Wrist shot by Nick Spaling.
1:48 of 1st overtime period - Shot Misses the Net.
2:25 of 1st overtime period - Off-side.
2:26 of 1st overtime period - Cody Eakin wins face-off versus Zack Smith in neutral zone.
2:47 of 1st overtime period - Minor Penalty to Steven Goertzen for Hooking.
2:48 of 1st overtime period - Anton Gustafsson wins face-off versus Matt Pettinger in Staline zone.
3:03 of 1st overtime period - Snap shot by Keith Yandle.
3:03 of 1st overtime period - Stopped by Antti Raanta with a rebound.
3:13 of 1st overtime period - Bryan Bickell is hit by Colton Orr and loses puck.
4:47 of 1st overtime period - Penalty to Steven Goertzen is over, Steven Goertzen is back on ice.
4:58 of 1st overtime period - Steven Goertzen is hit by Mat Clark.
7:07 of 1st overtime period - Nick Spaling is hit by Jeremy Williams and loses puck.
7:28 of 1st overtime period - Brendan Gallagher is hit by Steven Goertzen and loses puck.
7:41 of 1st overtime period - Snap shot by Lane MacDermid.
7:41 of 1st overtime period - Goal by Lane MacDermid - Carnivores : 7 - Staline : 6.
Goals for this period are 1 for Carnivores vs 0 for Staline.
Shots for this period are 1 for Carnivores vs 3 for Staline.
Back to the Top